 Dungeon Crawl Stone Soup version 0.31-a0-214-gb37851dbb3 (webtiles) character file.

Game seed: 16693641020749687355

46 qw the Shooter (level 3, 0/21 HPs)
             Began as a Gargoyle Hexslinger on July 1, 2023.
             Slain by a black bear (2 damage)
             ... on level 4 of the Dungeon.
             The game lasted 00:00:30 (1110 turns).

qw the Shooter (Gargoyle Hexslinger)                Turns: 1110, Time: 00:00:31

Health: 0/21       AC:  8    Str: 11    XL:     3   Next: 68%
Magic:  4/4        EV: 10    Int: 13    God:
Gold:   102        SH:  0    Dex: 14    Spells: 3/4 levels left

rFire   . . .        Y - +1 sling
rCold   . . .        (no shield)
rNeg    + . .        g - +0 ring mail
rPois   inf          (no helmet)
rElec   +            (no cloak)
rCorr   .            (no gloves)
SInv    .            (no boots)
Will    .....        e - amulet of faith
Stlth   +            (no ring)
HPRegen 0.23/turn    (no ring)
MPRegen 0.09/turn

%: faith
@: no status effects
A: sickness immunity, AC +3, negative energy resistance 1, electricity
resistance, torment resistance 1, petrification resistance
a: no special abilities


You were on level 4 of the Dungeon.
You visited 1 branch of the dungeon, and saw 3 of its levels.

You collected 102 gold pieces.


Innate Abilities, Weirdness & Mutations

You are immune to sickness and miasma.
Your stone body is resilient. (AC +3)
You are immune to poison.
You resist negative energy. (rN+)
You are resistant to electric shocks. (rElec)
You are resistant to unholy torment.
You are immune to petrification.


   Skills:
 - Level 2.0 Fighting
 + Level 3.6 Ranged Weapons
 - Level 1.5 Dodging
 - Level 1.0 Spellcasting
 - Level 2.6 Hexes


You had 3 spell levels left.
You knew the following spells:

 Your Spells              Type           Power      Damage    Failure   Level
a - Slow                  Hex            28%        N/A       22%         1

Your spell library contained the following spells:

 Spells                   Type           Power      Damage    Failure   Level
 Inner Flame              Hex/Fire       4%         N/A       75%         3
 Portal Projectile        Hex/Tloc       8%         N/A       75%         3
 Cause Fear               Hex            3%         N/A       92%         4

Inventory:

Hand Weapons
 Y - a +1 sling (weapon)
Armour
 b - a +0 cloak
 c - a +1 helmet
 g - a +0 ring mail (worn)
Jewellery
 e - an amulet of faith (around neck)
Scrolls
 a - a scroll of identify {unknown}
Potions
 d - a potion of berserk rage {unknown}
 f - a potion of heal wounds {unknown}
 h - a potion of haste
 i - a potion of curing {unknown}
 j - a potion of enlightenment {unknown}

Dungeon Overview and Level Annotations

Branches:
Dungeon (2/15)

Altars:


Message History

The sling bullet barely misses the iguana.
You shoot a sling bullet.
The sling bullet hits the iguana but does no damage.
The iguana closely misses you.
You shoot a sling bullet.
The sling bullet hits the iguana but does no damage.
The iguana bites you but does no damage.
The iguana closely misses you.
An endoplasm comes into view.
You shoot a sling bullet. The sling bullet hits the iguana.
The iguana is moderately wounded.
The iguana bites you!
You shoot a sling bullet.
The sling bullet hits the iguana but does no damage.
The iguana is moderately wounded.
The iguana closely misses you.
You shoot a sling bullet.
The sling bullet hits the black bear but does no damage.
You shoot a sling bullet. The sling bullet hits the black bear.
The black bear is lightly wounded.
The black bear bites you but does no damage.
The black bear claws you. The black bear closely misses you.
You shoot a sling bullet. The sling bullet hits the black bear.
The black bear is moderately wounded.
The black bear bites you but does no damage.
The black bear claws you. The black bear barely misses you.
The black bear bites you but does no damage.
The black bear claws you.
The black bear claws you but does no damage.
You shoot a sling bullet. The sling bullet hits the black bear.
The black bear is moderately wounded.
The black bear bites you. The black bear claws you.
The black bear completely misses you.
You shoot a sling bullet.
The sling bullet barely misses the black bear.
The sling bullet hits the iguana.
The iguana is heavily wounded.
The black bear bites you but does no damage.
The black bear claws you.
You die... #.........# ####'######........ #.......)#.......# #........#.......# #........#....... #........# ..... #........# .lJ

#.....#######h#
#.....####...@##.
#..................#
#>.................+
#..................#
#..................#
#...####.##...####+#
#...# #.##...# #...
......... #...
.........


You could see a black bear, an iguana and an endoplasm.

Vanquished Creatures
  A gnoll (D:1)
  3 endoplasms
  A giant cockroach (D:2)
  7 goblins
  5 hobgoblins
  3 kobolds
  2 quokkas
  A ball python (D:2)
  4 bats
  A frilled lizard (D:2)
  6 rats
34 creatures vanquished.

Notes
Turn   | Place    | Note
-------+----------+-------------------------------------------
     0 | D:1      | qw the Gargoyle Hexslinger began the quest for the Orb.
     0 | D:1      | Reached XP level 1. HP: 12/12 MP: 2/2
     0 | D:1      | 0 ||| qw: Version: 0.3-a-32-g5962c71
     0 | D:1      | 0 ||| qw: Game counter: 7584
     0 | D:1      | 0 ||| qw: Melee chars always use a shield: true
     0 | D:1      | 0 ||| qw: God list: Okawaru
     0 | D:1      | 0 ||| qw: Allow faded altars: false
     0 | D:1      | 0 ||| qw: Do Orc after clearing Dungeon:15 true
     0 | D:1      | 0 ||| qw: Do second Lair branch before Depths: true
     0 | D:1      | 0 ||| qw: Lair rune preference: random
     0 | D:1      | 0 ||| qw: Goals: Normal
     0 | D:1      | 0 ||| PLANNING D:1-11
    12 | D:1      | Reached XP level 2. HP: 8/16 MP: 3/3
    16 | D:1      | 16 ||| FLEEEEING.
    17 | D:1      | 17 ||| FLEEEEING.
    82 | D:1      | Reached skill level 3 in Ranged Weapons
   231 | D:1      | Reached XP level 3. HP: 16/21 MP: 4/4
   240 | D:1      | 240 ||| FLEEEEING.
   241 | D:1      | 241 ||| FLEEEEING.
   273 | D:1      | Found a faded altar of an unknown god.
   691 | D:1      | 691 ||| UPGRADING to +0 ring mail.
   701 | D:1      | 701 ||| DROPPING +0 robe.
   702 | D:1      | 702 ||| UPGRADING to amulet of faith.
   707 | D:1      | 707 ||| DROPPING +6 ring of intelligence.
   708 | D:1      | 708 ||| READING scroll labelled DOWKOI ILEVE.
   709 | D:1      | 709 ||| DRINKING 2 red potions.
   710 | D:1      | 710 ||| DROPPING scroll of poison.
  1068 | D:2      | You fall into a shaft and drop 2 floors!
  1100 | D:4      | Noticed a black bear
  1109 | D:4      | HP: 5/21 [black bear (2)]
  1109 | D:4      | HP: 1/21 [black bear (4)]
  1110 | D:4      | Slain by a black bear

Levels and vault maps discovered:
D:1:      scummos_arrival_star, layout_basic, hellmonk_ecumenical_altar_run_dry,
          minmay_misc_feat_x
D:2:      minmay_chambers_of_ones, layout_loops_ring, minmay_surrounded,
          uniq_robin, uniq_sigmund
D:4:      layout_gridville, minmay_temple_entry_sparse_star, uniq_duvessa

Skill      XL: |  1  2 |
---------------+-------+-----
Ranged Weapons | 3 |  3.6
Fighting       | 2 |  2.0
Dodging        | |  1.5
Spellcasting   | |  1.0
Hexes          | |  2.6

Action                     || total
---------------------------++-------
   Fire: Sling             ||   131
    Use: Scroll            ||     1
         Potion            ||     1
 Armour: Robe              ||     6
         Ring mail         ||    30
  Dodge: Dodged            ||    28

Table legend:
 A = Non-vault XP
 B = Vault XP
 C = Vault XP percentage of total XP
 D = Non-vault monster count
 E = Vault monster count
 F = Vault count percentage of total count
                 A         B        C        D         E       F
            +---------+---------+-------+---------+---------+-------
      Total |      52 |      15 |  22.4 |      25 |       9 |  26.5
            +---------+---------+-------+---------+---------+-------
        D:1 |      42 |       0 |   0.0 |      18 |       0 |   0.0
        D:2 |      10 |      15 |  60.0 |       7 |       9 |  56.2
            +---------+---------+-------+---------+---------+-------
